 Dungeon Crawl Stone Soup version 0.23.2-33-g5129a83184 (webtiles) character file.

Game seed: 5869620742485312558

4369 euginm the Carver (level 10, -1/94 HPs)
             Began as a Minotaur Fighter on Aug 1, 2019.
             Was a Follower of the Shining One.
             Slain by a deep troll (11 damage)
             ... on level 9 of the Dungeon.
             The game lasted 00:33:45 (7369 turns).

euginm the Carver (Minotaur Fighter)                Turns: 7369, Time: 00:33:45

Health: -1/94      AC: 10    Str: 24    XL:     10   Next: 13%
Magic:  9/9        EV:  7    Int:  5    God:    the Shining One [*.....]
Gold:   402        SH: 10    Dex: 10    Spells: 9/9 levels left

rFire    . . .     SeeInvis .   a - +0 long sword
rCold    . . .     Gourm    .   c - +0 shield
rNeg     + . .     Faith    .   b - +0 scale mail
rPois    .         Spirit   .   (helmet restricted)
rElec    .         Reflect  .   v - +2 cloak
rCorr    .         Harm     .   (no gloves)
MR       .....                  (no boots)
Stlth    ..........             (no amulet)
HPRegen  0.25/turn              t - ring of positive energy
MPRegen  0.11/turn              g - ring of flight

@: glowing
A: retaliatory headbutt, horns 2
a: Renounce Religion, Evoke Flight


You were on level 9 of the Dungeon.
You worshipped the Shining One.
The Shining One was aware of your devotion.
You were hungry.

You visited 2 branches of the dungeon, and saw 10 of its levels.

You collected 402 gold pieces.

Inventory:

Hand Weapons
 a - a +0 long sword (weapon)
Missiles
 w - 3 javelins (quivered)
Armour
 b - a +0 scale mail (worn)
 c - a +0 shield (worn)
 v - a +2 cloak (worn)
Jewellery
 g - a ring of flight (right hand)
 t - a ring of positive energy (left hand)
Wands
 d - a wand of enslavement (8)
 j - a wand of flame (31)
 B - a wand of iceblast (8)
Scrolls
 i - a scroll of enchant armour
 k - a scroll of immolation
 l - 4 scrolls of fog
 u - a scroll of magic mapping {unknown}
 x - 2 scrolls of remove curse
 y - a scroll of amnesia {unknown}
 A - 2 scrolls of teleportation {unknown}
 C - a scroll of fear {unknown}
 D - a scroll of identify
 E - a scroll of summoning {unknown}
Potions
 e - a potion of mutation {unknown}
 h - a potion of resistance {unknown}
 m - a potion of heal wounds {unknown}
 o - a potion of agility {unknown}
 p - 2 potions of haste
 q - 3 potions of brilliance {unknown}
 r - a potion of degeneration {unknown}
 s - a potion of invisibility {unknown}
 z - 2 potions of flight {unknown}
 G - a potion of magic {unknown}
Comestibles
 f - 11 rations


   Skills:
 + Level 10.6 Fighting
 * Level 13.7 Long Blades
 - Level 3.7 Armour
 - Level 4.9 Shields


You had 9 spell levels left.
You didn't know any spells.
Your spell library contained the following spells:

 Spells                   Type           Power        Failure   Level  Hunger
 Magic Dart               Conj           #...         99%         1    ##.....
 Blink                    Tloc           N/A          100%        2    ###....
 Call Imp                 Summ           #.......     100%        2    ###....
 Searing Ray              Conj           #.....       100%        2    ###....
 Slow                     Hex            #.......     100%        2    ###....
 Conjure Flame            Conj/Fire      #.......     100%        3    ####...
 Dazzling Spray           Conj/Hex       #.....       100%        3    ####...
 Mephitic Cloud           Conj/Pois/Air  #.......     100%        3    ####...
 Force Lance              Conj/Tloc      #.......     100%        4    #####..
 Fulminant Prism          Conj/Hex       #.........   100%        4    #####..
 Iskenderun's Mystic Bla  Conj           #.......     100%        4    #####..


Dungeon Overview and Level Annotations

Branches:
Dungeon (9/15)             Temple (1/1) D:4            Lair (0/6) D:8
    Orc: D:9-12

Altars:
Ashenzari
Cheibriados
Dithmenos
Elyvilon
Fedhas
Gozag
Hepliaklqana
Kikubaaqudgha
Makhleb
Nemelex Xobeh
Okawaru
Qazlal
Ru
Sif Muna
Trog
Uskayaw
Vehumet
Wu Jian
Xom
Yredelemnul
Zin
The Shining One


Innate Abilities, Weirdness & Mutations

You reflexively headbutt those who attack you in melee.
You have a pair of horns on your head.


Message History

There is an open translucent door here.
Found a chunk of flesh.
You see here a thin glowing staff.
You see here 4 chunks of flesh.
You see here a thin glowing staff.
You see here a scroll of immolation.
The deep troll bites you. You block the deep troll's attack.
The deep troll claws you.
* * * LOW HITPOINT WARNING * * *
You see here a chunk of flesh.
You hit the deep troll but do no damage.
You hit the deep troll but do no damage.
Your headbutt misses the deep troll.
The deep troll bites you but does no damage.
The deep troll claws you!
* * * LOW HITPOINT WARNING * * *
The deep troll claws you!
* * * LOW HITPOINT WARNING * * *
You feel better. The deep troll bites you!
You die...

.###..###.##.## #.....###.#####.
.# ###.##.#..# #..#### #.......
## ##.....######.## #....... ###
##.........#.# ##....... ..#
####...###.....## #.^......
...........###......#####........
...###.....##....................
.### ###.....#####.#####.........
.# #......#§§@#.# ##..c...... .#
#..##...#§T§#.# ##.......... .. .
# ##..#§§§#.###..##....... ##
#.###§###(...####.....#
##.##§§§##(.### ##..###
#...##§###.## #.## #...#..§)# #.#
#.# ....####..####.# .. ##..
###..##.# ...


You could see a deep troll.

Vanquished Creatures
  The ghost of raetorn the Cruncher, a novice FoFi of Okawaru (D:9)
  Pikel (D:7)
  A hippogriff (D:7)
  A wyvern (D:8)
  3 wargs (D:8)
  A water moccasin (D:7)
  2 orc warriors (D:8)
  3 ice beasts (D:7)
  3 phantoms
  5 ogres
  2 centaurs
  A crocodile (D:8)
  2 bullfrogs (D:6)
  A wyvern zombie (D:8)
  A wyvern skeleton (D:8)
  A scorpion (D:8)
  2 howler monkeys
  A quasit (D:8)
  A hound (D:4)
  A jelly (D:6)
  2 bullfrog skeletons
  An orc priest (D:8)
  4 orc wizards
  A centaur skeleton (D:7)
  Jessica (D:2)
  3 iguanas
  Natasha (thrice) (D:3)
  5 worker ants
  A hound zombie (D:6)
  A hound skeleton (D:4)
  10 adders
  An adder zombie (D:8)
  2 adder skeletons
  5 worms
  2 dart slugs
  3 leopard geckos
  12 orcs
  A ball python (D:4)
  5 giant cockroaches
  7 goblins
  6 hobgoblins
  6 jackals (D:6)
  5 kobolds
  3 quokkas
  6 bats
  4 frilled lizards
  A leopard gecko skeleton (D:4)
  9 rats
144 creatures vanquished.

Vanquished Creatures (others)
  A hippogriff (D:7)
  A centaur skeleton (D:7)
2 creatures vanquished.

Grand Total: 146 creatures vanquished

Notes
Turn   | Place    | Note
-------+----------+-------------------------------------------
     0 | D:1      | euginm the Minotaur Fighter began the quest for the Orb.
     0 | D:1      | Reached XP level 1. HP: 19/19 MP: 0/0
   286 | D:1      | Reached XP level 2. HP: 27/27 MP: 1/1
   435 | D:1      | Reached skill level 3 in Long Blades
   733 | D:2      | Noticed Jessica
   739 | D:2      | Killed Jessica
   739 | D:2      | Reached XP level 3. HP: 33/33 MP: 2/2
  1077 | D:2      | Reached skill level 4 in Long Blades
  1077 | D:2      | Reached XP level 4. HP: 39/41 MP: 3/3
  1401 | D:3      | Noticed Natasha
  1408 | D:3      | Killed Natasha
  1469 | D:3      | Noticed Natasha
  1477 | D:3      | Killed Natasha
  1477 | D:3      | Reached XP level 5. HP: 31/47 MP: 4/4
  1529 | D:3      | Reached skill level 5 in Long Blades
  1620 | D:3      | Noticed Natasha
  1630 | D:3      | Killed Natasha
  1923 | D:3      | Reached skill level 5 in Fighting
  2319 | D:4      | Reached XP level 6. HP: 55/56 MP: 5/5
  2647 | D:4      | Reached skill level 6 in Long Blades
  2688 | D:4      | Found a staircase to the Ecumenical Temple.
  2723 | Temple   | Entered the Ecumenical Temple
  2869 | Temple   | Became a worshipper of the Shining One
  3141 | D:4      | Reached skill level 7 in Long Blades
  3141 | D:4      | Reached XP level 7. HP: 48/63 MP: 6/6
  3713 | D:4      | Reached skill level 8 in Long Blades
  3743 | D:5      | Entered Level 5 of the Dungeon
  3959 | D:5      | Reached skill level 9 in Long Blades
  3959 | D:5      | Reached XP level 8. HP: 67/73 MP: 7/7
  4870 | D:7      | Noticed a hippogriff
  4870 | D:7      | Reached * piety under the Shining One
  4875 | D:7      | Killed a hippogriff
  4875 | D:7      | Reached skill level 10 in Long Blades
  5265 | D:7      | Reached skill level 11 in Long Blades
  5291 | D:7      | Reached XP level 9. HP: 68/82 MP: 8/8
  5419 | D:7      | Noticed Pikel
  5436 | D:7      | Killed Pikel
  5903 | D:8      | Reached skill level 12 in Long Blades
  6336 | D:8      | Reached skill level 10 in Fighting
  6548 | D:8      | Reached skill level 13 in Long Blades
  6766 | D:8      | Found a staircase to the Lair.
  6961 | D:8      | Found a deep blue altar of Sif Muna.
  7263 | D:9      | Found a runed translucent door.
  7263 | D:9      | Noticed raetorn's ghost (novice FoFi)
  7295 | D:9      | Noticed a deep troll
  7311 | D:9      | Killed raetorn's ghost
  7311 | D:9      | Reached XP level 10. HP: 33/94 MP: 9/9
  7369 | D:9      | Slain by a deep troll

Skill      XL: |  1  2  3  4  5  6  7  8  9 |
---------------+----------------------------+-----
Fighting       | 4 5 6 7 8 10 | 10.6
Long Blades    | 3 4 5 7 9 11 13 | 13.7
Shields        | 4 |  4.9
Armour         | |  3.7

Action                   |  1- 3 |  4- 6 |  7- 9 | 10-12 || total
-------------------------+-------+-------+-------+-------++-------
Melee: Long sword        |    62 |   152 |   299 |     6 ||   519
       Headbutt          |    10 |    27 |    56 |     3 ||    96
Throw: Javelin           |     3 |     9 |    41 |     1 ||    54
  Use: Scroll            |       |     2 |     6 |       ||     8
       Potion            |       |       |     6 |     1 ||     7
  Eat: Chunk             |     1 |     5 |    11 |       ||    17
       Ration            |       |       |     1 |       ||     1
Armor: Scale mail        |    28 |    64 |   112 |     2 ||   206
Dodge: Dodged            |    16 |    34 |    67 |     1 ||   118
Block: Shield            |    36 |    70 |   131 |     3 ||   240
       Rpst.: Long sword |     6 |    10 |    24 |       ||    40
